 Dungeon Crawl Stone Soup version 0.30-a0-371-gad7725a93e (webtiles) character file.

Game seed: 9525308933436391929

35 Shayle the Conjurer (level 3, -3/28 HPs)
             Began as a Demonspawn Reaver on Nov 22, 2022.
             Slain by a goblin
             ... wielding a +0 club
             ... led by Robin
              (6 damage)
             ... on level 2 of the Dungeon.
             The game lasted 00:02:45 (1063 turns).

Shayle the Conjurer (Demonspawn Reaver)             Turns: 1063, Time: 00:02:46

Health: -3/28      AC:  4    Str: 18    XL:     3   Next: 16%
Magic:  6/6        EV: 12    Int: 16    God:
Gold:   67         SH:  0    Dex: 11    Spells: 5/6 levels left

rFire   . . .      SeeInvis .    a - +0 hand axe
rCold   . . .      Faith    .    (no shield)
rNeg    . . .      Spirit   .    b - +0 leather armour
rPois   .          Reflect  .    (helmet restricted)
rElec   .          Harm     .    k - +0 cloak
rCorr   .          Rampage  .    (no gloves)
Will    .....                    (no boots)
Stlth   +.........               (no amulet)
HPRegen 0.24/turn                g - +6 ring of strength
MPRegen 0.10/turn                (no ring)

@: no status effects
A: horns 1, weakness stinger 1
a: no special abilities


You were on level 2 of the Dungeon.
You visited 1 branch of the dungeon, and saw 2 of its levels.

You collected 67 gold pieces.

Inventory:

Hand Weapons
 a - a +0 hand axe (weapon)
Missiles
 c - 3 poisoned darts
Armour
 b - a +0 leather armour (worn)
 d - a scarf of resistance
 k - a +0 cloak (worn)
Jewellery
 g - a +6 ring of strength (left hand)
Scrolls
 h - a scroll of poison {unknown}
 j - a scroll of blinking {unknown}
 n - a scroll of enchant weapon {unknown}
Potions
 e - 2 potions of brilliance
 f - 2 potions of cancellation {unknown}
 i - a potion of ambrosia {unknown}
 l - a potion of curing {unknown}
 m - 2 potions of resistance {unknown}


   Skills:
 + Level 2.9 Fighting
 - Level 2.6 Axes
 + Level 2.6 Dodging
 - Level 2.0 Spellcasting
 - Level 3.0 Conjurations


You had 5 spell levels left.
You knew the following spells:

 Your Spells              Type           Power      Damage    Failure   Level
a - Kiss of Death         Conj/Necr      24%        2d7       13%         1

Your spell library contained the following spells:

 Spells                   Type           Power      Damage    Failure   Level
 Momentum Strike          Conj/Tloc      12%        3d8       21%         2
 Hailstorm                Conj/Ice       6%         3d4       36%         3
 Confusing Touch          Hex            1%         N/A       58%         3
 Dispel Undead            Necr           1%         3d6       94%         4


Dungeon Overview and Level Annotations

Branches:
Dungeon (2/15)

Altars:

Shops:
D:1 *

Annotations:
D:2 Robin


Innate Abilities, Weirdness & Mutations

You have a pair of small horns on your head.
You have a small tail.


Message History

You hit Robin.
Your tail-slap misses Robin.
Robin is moderately wounded.
You hit the goblin. You closely miss the goblin.
You hit the goblin but do no damage. You closely miss the hobgoblin.
You hit the endoplasm.
You kill the endoplasm!
You hit the goblin.
You kill the goblin!
The goblin barely misses you. Robin throws the goblin at you!
The goblin closely misses you. The goblin hits you but does no damage.
The goblin hits you with a +0 dagger.
* * * LOW HITPOINT WARNING * * *
The ball python closely misses you. The ball python barely misses you.
You hit Robin.
Your tail-slap misses Robin.
Robin is moderately wounded.
You hit the ball python.
You kill the ball python!
You miss the goblin. You hit the hobgoblin.
You kill the hobgoblin!
You hit the goblin.
You kill the goblin!
You barely miss the goblin. x3
A bat comes into view.
The goblin hits you with a +0 dagger.
* * * LOW HITPOINT WARNING * * *
The goblin closely misses you.
The goblin hits you but does no damage. x2
You hit Robin.
Robin is severely wounded.
You closely miss the goblin. You hit the hobgoblin but do no damage.
You closely miss the goblin. You hit the goblin. You barely miss the goblin.
You hit the goblin.
You kill the goblin!
You closely miss the goblin. The goblin barely misses you.
The goblin closely misses you. The goblin hits you but does no damage.
The goblin closely misses you.
Robin laughs in a distinctly smug fashion.
Robin throws the goblin at you!
* * * LOW HITPOINT WARNING * * *
The goblin hits you with a +0 club.
You die...

..###..$..
.........##
...........
$......b..
.........### ##.
...........######....
#..ggg.........#
###g.g@gJ.....#
.....ggggg...†.#
...##..g.......#.# .
#......<......#
.....###....#####
....# #.......# ..$#.
...##..#...#
."......$ ........
...#### #.......


You could see Robin, an endoplasm, 3 hobgoblins, 8 goblins and a bat.

Vanquished Creatures
  2 ball pythons
  4 endoplasms
  A giant cockroach (D:1)
  7 goblins
  A hobgoblin (D:2)
  4 jackals (D:1)
  A quokka (D:1)
  4 bats (D:1)
  2 frilled lizards (D:1)
  2 kobolds (D:1)
  2 rats
30 creatures vanquished.

Notes
Turn   | Place    | Note
-------+----------+-------------------------------------------
     0 | D:1      | Shayle the Demonspawn Reaver began the quest for the Orb.
     0 | D:1      | Reached XP level 1. HP: 16/16 MP: 3/3
   368 | D:1      | Discovered your monstrous ancestry.
   368 | D:1      | Gained mutation: You have a pair of small horns on your
                  | head. [demonic ancestry]
   368 | D:1      | Reached XP level 2. HP: 21/23 MP: 5/5
   730 | D:1      | Found Noyrhem's General Store.
  1054 | D:2      | Gained mutation: You have a small tail. [demonic ancestry]
  1054 | D:2      | Reached XP level 3. HP: 28/28 MP: 6/6
  1054 | D:2      | Identified the -1 helmet "Ynkulonk" {rElec}
  1054 | D:2      | Noticed Robin
  1063 | D:2      | Slain by a goblin

Illustrated notes

Levels and vault maps discovered:
D:1:      minmay_arrival_wavy_path, layout_basic, serial_shops,
          nicolae_shop_advertising_works [nicolae_subvault_shop_adworks],
          minmay_tetromino_i4
D:2:      layout_rooms, uniq_robin

Skill      XL: |  1 |
---------------+----+-----
Dodging        | 2 |  2.6
Fighting       | |  2.9
Axes           | |  2.6
Spellcasting   | |  2.0
Conjurations   | |  3.0

Action                   || total
-------------------------++-------
Melee: Hand axe          ||    89
       Punch             ||     1
       Headbutt          ||     5
  Use: Scroll            ||     2
Armor: Leather armour    ||    38
Dodge: Dodged            ||   102

Table legend: (Time is in decaauts)
 A = Elapsed time spent in this place.
 B = Non-inter-level travel time spent in this place.
 C = Inter-level travel time spent in this place.
 D = Time resting spent in this place.
 E = Time spent auto-exploring this place.
 F = Levels seen in this place.
 G = Mean time per level.
                   A        B        C        D        E       F      G
               +--------+--------+--------+--------+--------+-----+--------+
         Total |   1077 |   1068 |      9 |    157 |    624 |   2 |  538.5 |
       Dungeon |   1077 |   1068 |      9 |    157 |    624 |   2 |  538.5 |
               +--------+--------+--------+--------+--------+-----+--------+

Top non-repeatable levels by time:
     D:1: 1062 daAuts
     D:2: 14 daAuts
